| TOP OF THE 1ST |
|
Great Lakes Loons batting - Pitching for Atlanta (MID) Braves : RHP Ricky Rivera
|
|
Pitching: RHP Ricky Rivera
|
|
|
Batting: RHB Ken Jenkins
|
0-0: Swinging Strike 0-1: Swinging Strike 0-2: Ball 1-2: Strikes out looking
|
|
Batting: RHB Alex Mejia
|
0-0: Called Strike 0-1: Swinging Strike 0-2: Ground out 5-3 (Groundball, 56, EV 85.6 MPH)
|
|
Batting: LHB Antonio Luis
|
0-0: Called Strike 0-1: Ball 1-1: Ball 2-1: Ground out U3 (Groundball, 34, EV 81.9 MPH)
|
| Top of the 1st over - 0 runs, 0 hits, 0 errors, 0 left on base; Great Lakes 0 - Atlanta (MID) 0 |
| BOTTOM OF THE 1ST |
|
Atlanta (MID) Braves batting - Pitching for Great Lakes Loons : RHP Adonis Loyd
|
|
Pitching: RHP Adonis Loyd
|
|
|
Batting: LHB Kevin Kantor
|
0-0: SINGLE (Line Drive, 6D, EV 108.8 MPH)
|
|
Batting: SHB Brandon McClain
|
0-0: Ball Kevin Kantor is caught stealing 2nd base 2-6 1-0: Called Strike 1-1: Ground out 1-3 (Groundball, 34S, EV 61.9 MPH)
|
|
Batting: RHB Corey Dalton
|
0-0: Called Strike 0-1: SOLO HOME RUN (Flyball, 78XD, EV 100.6 MPH), Distance : 404 ft
|
|
Batting: LHB Travis Lazaro
|
0-0: Called Strike 0-1: Swinging Strike 0-2: Strikes out swinging
|
| Bottom of the 1st over - 1 run, 2 hits, 0 errors, 0 left on base; Great Lakes 0 - Atlanta (MID) 1 |
| TOP OF THE 2ND |
|
Great Lakes Loons batting - Pitching for Atlanta (MID) Braves : RHP Ricky Rivera
|
|
Batting: RHB Mike Sims
|
0-0: Ball 1-0: Fly out, F8 (Flyball, 8RM, EV 81.9 MPH)
|
|
Batting: LHB Jim Chalk
|
0-0: Called Strike 0-1: SINGLE (Line Drive, 5D, EV 98.8 MPH)
|
|
Batting: LHB Alberto Chavez
|
0-0: Ball 1-0: Grounds into double play, 6-4-3 (Groundball, 6S, EV 83.8 MPH)
|
| Top of the 2nd over - 0 runs, 1 hit, 0 errors, 0 left on base; Great Lakes 0 - Atlanta (MID) 1 |
| BOTTOM OF THE 2ND |
|
Atlanta (MID) Braves batting - Pitching for Great Lakes Loons : RHP Adonis Loyd
|
|
Batting: SHB Richello Badua
|
0-0: Foul Ball, location: 2F 0-1: Ball 1-1: Swinging Strike 1-2: Foul Ball, location: 2F 1-2: Foul Ball, location: 2F 1-2: Foul Ball, location: 2F 1-2: Ball 2-2: Ball 3-2: Base on Balls
|
|
Batting: LHB Mark Thomas
|
0-0: Ball Richello Badua is caught stealing 2nd base 2-6 1-0: Called Strike 1-1: Ball 2-1: Foul Ball, location: 2F 2-2: Ball 3-2: SINGLE (Groundball, 6M, EV 99.4 MPH)
|
|
Batting: LHB Tommy Williams
|
0-0: Grounds into double play, 4-6-3 (Groundball, 4, EV 106.3 MPH)
|
| Bottom of the 2nd over - 0 runs, 1 hit, 0 errors, 0 left on base; Great Lakes 0 - Atlanta (MID) 1 |
| TOP OF THE 3RD |
|
Great Lakes Loons batting - Pitching for Atlanta (MID) Braves : RHP Ricky Rivera
|
|
Batting: RHB Phil Knox
|
0-0: Ball 1-0: Ball 2-0: SINGLE (Line Drive, 6D, EV 95.6 MPH)
|
|
Batting: RHB Josh Kimbrell
|
0-0: Called Strike 0-1: Ball 1-1: Foul Ball, location: 2F 1-2: Ball 2-2: Ball 3-2: Base on Balls Phil Knox to second
|
|
Batting: RHB Santos Guadalupe
|
0-0: Called Strike 0-1: Ball 1-1: Foul Ball, location: 2F 1-2: Foul Ball, location: 2F 1-2: Ball 2-2: Ball 3-2: Base on Balls Phil Knox to third Josh Kimbrell to second
|
|
Batting: RHB Ken Jenkins
|
0-0: Called Strike 0-1: Foul Ball, location: 2F 0-2: Foul Ball, location: 2F 0-2: Ball 1-2: Foul Ball, location: 2F 1-2: Fly out, F9 (Flyball, 9, EV 81.3 MPH)
|
|
Batting: RHB Alex Mejia
|
0-0: Called Strike 0-1: Foul Ball, location: 2F 0-2: Ball 1-2: Ball 2-2: Fly out, F8 (Flyball, 8RXD, EV 108.8 MPH) Runner from 3rd tags up, SCORES, no throw by CF
|
|
Batting: LHB Antonio Luis
|
0-0: Called Strike 0-1: Called Strike 0-2: Ball 1-2: Strikes out swinging
|
| Top of the 3rd over - 1 run, 1 hit, 0 errors, 2 left on base; Great Lakes 1 - Atlanta (MID) 1 |
| BOTTOM OF THE 3RD |
|
Atlanta (MID) Braves batting - Pitching for Great Lakes Loons : RHP Adonis Loyd
|
|
Batting: RHB Andy Cunningham
|
0-0: Ball 1-0: Ball 2-0: Foul Ball, location: 2F 2-1: Swinging Strike 2-2: Ball 3-2: Foul Ball, location: 2F 3-2: Foul Ball, location: 2F 3-2: Foul Ball, location: 2F 3-2: Ground out 4-3 (Groundball, 4M, EV 98.8 MPH)
|
|
Batting: RHB Nick Platt
|
0-0: Ball 1-0: DOUBLE (Line Drive, 89XD, EV 106.3 MPH)
|
|
Batting: LHB Kevin Kantor
|
0-0: Ball 1-0: Ball 2-0: Ball 3-0: Called Strike 3-1: Base on Balls
|
|
Batting: SHB Brandon McClain
|
0-0: Foul Ball, location: 2F 0-1: Foul Ball, location: 2F 0-2: Ball 1-2: Foul Ball, location: 2F 1-2: SINGLE (Groundball, 6MS, EV 82.5 MPH) (infield hit) Nick Platt to third Kevin Kantor to second
|
|
Batting: RHB Corey Dalton
|
0-0: Swinging Strike 0-1: Ball 1-1: Ball 2-1: Ball 3-1: Base on Balls Nick Platt scores Kevin Kantor to third Brandon McClain to second
|
|
Batting: LHB Travis Lazaro
|
0-0: Called Strike 0-1: Called Strike 0-2: Ball 1-2: Ball 2-2: Strikes out swinging
|
|
Batting: SHB Richello Badua
|
0-0: Ball 1-0: SINGLE (Groundball, 56S, EV 71.9 MPH) (infield hit) Kevin Kantor scores Brandon McClain to third Corey Dalton to second
|
|
Batting: LHB Mark Thomas
|
0-0: Ball 1-0: Ball 2-0: Foul Ball, location: 2F 2-1: Foul Ball, location: 2F 2-2: Foul Ball, location: 2F 2-2: Ball 3-2: Strikes out swinging
|
| Bottom of the 3rd over - 2 runs, 3 hits, 0 errors, 3 left on base; Great Lakes 1 - Atlanta (MID) 3 |
| TOP OF THE 4TH |
|
Great Lakes Loons batting - Pitching for Atlanta (MID) Braves : RHP Ricky Rivera
|
|
Batting: RHB Mike Sims
|
0-0: Called Strike 0-1: DOUBLE (Flyball, 8RXD, EV 98.8 MPH)
|
|
Batting: LHB Jim Chalk
|
0-0: Called Strike 0-1: Fly out, F7 (Flyball, 78XD, EV 83.1 MPH) Runner from 2nd tags up, SAFE at 3rd, no throw by LF
|
|
Batting: LHB Alberto Chavez
|
0-0: Swinging Strike 0-1: Fly out, F8 (Flyball, 8RXD, EV 106.3 MPH) Runner from 3rd tags up, SCORES, no throw by CF
|
|
Batting: RHB Phil Knox
|
0-0: Called Strike 0-1: Ground out 3-1 (Groundball, 34, EV 91.9 MPH)
|
| Top of the 4th over - 1 run, 1 hit, 0 errors, 0 left on base; Great Lakes 2 - Atlanta (MID) 3 |
| BOTTOM OF THE 4TH |
|
Atlanta (MID) Braves batting - Pitching for Great Lakes Loons : RHP Adonis Loyd
|
|
Batting: LHB Tommy Williams
|
0-0: Called Strike 0-1: Ball 1-1: Ball 2-1: Ball 3-1: Foul Ball, location: 2F 3-2: Foul Ball, location: 2F 3-2: Base on Balls
|
|
Batting: RHB Andy Cunningham
|
0-0: Ball 1-0: Called Strike 1-1: Ball 2-1: Fly out, F7 (Line Drive, 7, EV 95.0 MPH)
|
|
Batting: RHB Nick Platt
|
0-0: Ball 1-0: Grounds into double play, 5-4-3 (Groundball, 56S, EV 90.0 MPH)
|
| Bottom of the 4th over - 0 runs, 0 hits, 0 errors, 0 left on base; Great Lakes 2 - Atlanta (MID) 3 |
| TOP OF THE 5TH |
|
Great Lakes Loons batting - Pitching for Atlanta (MID) Braves : RHP Ricky Rivera
|
|
Batting: RHB Josh Kimbrell
|
0-0: Ground out 1-3 (Groundball, 34S, EV 65.6 MPH)
|
|
Batting: RHB Santos Guadalupe
|
0-0: Ball 1-0: Ball 2-0: Called Strike 2-1: Called Strike 2-2: Foul Ball, location: 2F 2-2: Foul Ball, location: 2F 2-2: Ball 3-2: Base on Balls
|
|
Batting: RHB Ken Jenkins
|
0-0: Foul Ball, location: 2F 0-1: Ball 1-1: Fly out, F3 (Line Drive, 3, EV 73.8 MPH)
|
|
Batting: RHB Alex Mejia
|
0-0: Ball 1-0: Ground out U3 (Groundball, 13, EV 86.3 MPH)
|
| Top of the 5th over - 0 runs, 0 hits, 0 errors, 1 left on base; Great Lakes 2 - Atlanta (MID) 3 |
| BOTTOM OF THE 5TH |
|
Atlanta (MID) Braves batting - Pitching for Great Lakes Loons : RHP Adonis Loyd
|
|
Batting: LHB Kevin Kantor
|
0-0: Called Strike 0-1: Swinging Strike 0-2: Ball 1-2: Fly out, F4 (Flyball, 34D, EV 81.9 MPH)
|
|
Batting: SHB Brandon McClain
|
0-0: SINGLE (Groundball, 56D, EV 94.4 MPH)
|
|
Batting: RHB Corey Dalton
|
0-0: Called Strike 0-1: Ball 1-1: Ball 2-1: Fly out, F8 (Flyball, 8LXD, EV 95.0 MPH)
|
|
Batting: LHB Travis Lazaro
|
0-0: Called Strike Brandon McClain steals 2nd base 0-1: Ball 1-1: Ball 2-1: SINGLE (Line Drive, 6MD, EV 99.4 MPH) Brandon McClain to third Runner from 3rd tries for Home, SAFE, throw by CF to home
|
|
Batting: SHB Richello Badua
|
0-0: Called Strike 0-1: Ball 1-1: Ball 2-1: Foul Ball, location: 2F 2-2: Ball 3-2: Base on Balls Travis Lazaro to second
|
|
Batting: LHB Mark Thomas
|
0-0: Called Strike 0-1: Ball 1-1: Swinging Strike 1-2: Ball 2-2: Ball 3-2: Base on Balls Travis Lazaro to third Richello Badua to second
|
|
Pitching: RHP Santiago Montero
|
|
|
Batting: LHB Tommy Williams
|
0-0: Called Strike 0-1: Ball 1-1: Ball 2-1: Fielders Choice at 2nd, U6 (Groundball, 6M, EV 103.8 MPH)
|
| Bottom of the 5th over - 1 run, 2 hits, 0 errors, 3 left on base; Great Lakes 2 - Atlanta (MID) 4 |
| TOP OF THE 6TH |
|
Great Lakes Loons batting - Pitching for Atlanta (MID) Braves : RHP Ricky Rivera
|
|
Batting: LHB Antonio Luis
|
0-0: Foul Ball, location: 2F 0-1: Foul Ball, location: 2F 0-2: Fly out, F8 (Flyball, 8LD, EV 103.1 MPH)
|
|
Batting: RHB Mike Sims
|
0-0: Ground out 6-3 (Groundball, 6, EV 81.3 MPH)
|
|
Batting: LHB Jim Chalk
|
0-0: Ground out 6-3 (Groundball, 6S, EV 69.4 MPH)
|
| Top of the 6th over - 0 runs, 0 hits, 0 errors, 0 left on base; Great Lakes 2 - Atlanta (MID) 4 |
| BOTTOM OF THE 6TH |
|
Atlanta (MID) Braves batting - Pitching for Great Lakes Loons : RHP Santiago Montero
|
|
Batting: RHB Andy Cunningham
|
0-0: Ball 1-0: Called Strike 1-1: Ball 2-1: Foul Ball, location: 2F 2-2: Fly out, F8 (Line Drive, 8LD, EV 98.1 MPH)
|
|
Batting: RHB Nick Platt
|
0-0: Ball 1-0: Called Strike 1-1: Swinging Strike 1-2: Strikes out swinging
|
|
Batting: LHB Kevin Kantor
|
0-0: Called Strike 0-1: Fly out, F7 (Flyball, 7, EV 87.5 MPH)
|
| Bottom of the 6th over - 0 runs, 0 hits, 0 errors, 0 left on base; Great Lakes 2 - Atlanta (MID) 4 |
| TOP OF THE 7TH |
|
Great Lakes Loons batting - Pitching for Atlanta (MID) Braves : RHP Ricky Rivera
|
|
Batting: LHB Alberto Chavez
|
0-0: DOUBLE (Flyball, 78D, EV 113.1 MPH)
|
|
Batting: RHB Phil Knox
|
0-0: Swinging Strike 0-1: Foul Ball, location: 2F 0-2: SINGLE (Groundball, 56D, EV 103.8 MPH) Alberto Chavez to third Throwing error, E7 Alberto Chavez scores Phil Knox to second
|
|
Batting: RHB Josh Kimbrell
|
0-0: Ball 1-0: Ground out 3-1 (Groundball, 34S, EV 78.8 MPH) Phil Knox to third
|
|
Pinch Hitting: LHB Chris Barrera
|
0-0: Ball 1-0: Foul Ball, location: 2F 1-1: Foul Ball, location: 2F 1-2: Foul Ball, location: 2F 1-2: Ball 2-2: Foul Ball, location: 2F 2-2: Ball 3-2: SINGLE (Groundball, 34, EV 100.0 MPH) Phil Knox scores
|
|
Batting: RHB Ken Jenkins
|
0-0: Ball 1-0: Foul Ball, location: 2F 1-1: Foul Ball, location: 2F 1-2: Foul Ball, location: 2F 1-2: Ball Wild Pitch! Chris Barrera to second 2-2: Strikes out swinging
|
|
Batting: RHB Alex Mejia
|
0-0: Ball 1-0: Ball 2-0: Ball 3-0: Called Strike 3-1: Foul Ball, location: 2F 3-2: Base on Balls
|
|
Pitching: RHP Todd Cox
|
|
|
Batting: LHB Antonio Luis
|
0-0: Ball 1-0: Ball 2-0: Foul Ball, location: 2F 2-1: Foul Ball, location: 2F 2-2: Foul Ball, location: 2F 2-2: Foul Ball, location: 2F 2-2: Ball 3-2: Base on Balls Chris Barrera to third Alex Mejia to second
|
|
Batting: RHB Mike Sims
|
0-0: Called Strike 0-1: Swinging Strike 0-2: Foul Ball, location: 2F 0-2: Ball 1-2: Fielders Choice at 2nd, 5-4 (Groundball, 56, EV 82.5 MPH)
|
| Top of the 7th over - 2 runs, 3 hits, 1 error, 3 left on base; Great Lakes 4 - Atlanta (MID) 4 |
| BOTTOM OF THE 7TH |
|
Atlanta (MID) Braves batting - Pitching for Great Lakes Loons : RHP Santiago Montero
|
|
Pitching: RHP Bobby Primaticcio
|
|
|
Now at 3B: Ashton Crenshaw
|
|
|
Batting: SHB Brandon McClain
|
0-0: Fly out, F7 (Flyball, 7S, EV 81.3 MPH)
|
|
Batting: RHB Corey Dalton
|
0-0: Called Strike 0-1: Swinging Strike 0-2: Foul Ball, location: 2F 0-2: DOUBLE (Groundball, 5L, EV 95.6 MPH)
|
|
Batting: LHB Travis Lazaro
|
0-0: Ball 1-0: Ball 2-0: Reached on error, E5 (Groundball, 56, EV 81.9 MPH) Corey Dalton scores
|
|
Batting: SHB Richello Badua
|
0-0: Called Strike 0-1: Ball 1-1: Swinging Strike 1-2: Foul Ball, location: 2F 1-2: Ball 2-2: Foul Ball, location: 2F 2-2: Strikes out swinging
|
|
Batting: LHB Mark Thomas
|
0-0: Ball 1-0: Ground out U3 (Groundball, 3L, EV 75.6 MPH)
|
| Bottom of the 7th over - 1 run, 1 hit, 1 error, 1 left on base; Great Lakes 4 - Atlanta (MID) 5 |
| TOP OF THE 8TH |
|
Great Lakes Loons batting - Pitching for Atlanta (MID) Braves : RHP Todd Cox
|
|
Batting: LHB Jim Chalk
|
0-0: Called Strike 0-1: Called Strike 0-2: Ball 1-2: Ball 2-2: Strikes out looking
|
|
Batting: LHB Alberto Chavez
|
0-0: Foul Ball, location: 2F 0-1: Swinging Strike 0-2: Foul Ball, location: 2F 0-2: Ground out U3 (Groundball, 3L, EV 98.8 MPH)
|
|
Batting: RHB Phil Knox
|
0-0: Called Strike 0-1: Swinging Strike 0-2: Ground out 6-3 (Groundball, 6, EV 93.1 MPH)
|
| Top of the 8th over - 0 runs, 0 hits, 0 errors, 0 left on base; Great Lakes 4 - Atlanta (MID) 5 |
| BOTTOM OF THE 8TH |
|
Atlanta (MID) Braves batting - Pitching for Great Lakes Loons : RHP Bobby Primaticcio
|
|
Pitching: RHP Mark McDonald
|
|
|
Batting: LHB Tommy Williams
|
0-0: Ball 1-0: SINGLE (Line Drive, 7S, EV 99.4 MPH)
|
|
Batting: RHB Andy Cunningham
|
0-0: Called Strike 0-1: Fielders Choice at 2nd, 5-4 (Groundball, 15, EV 83.8 MPH)
|
|
Batting: RHB Nick Platt
|
0-0: Ball Andy Cunningham is caught stealing 2nd base 2-4 1-0: Swinging Strike 1-1: Ball 2-1: Called Strike 2-2: Ball 3-2: Foul Ball, location: 2F 3-2: Strikes out swinging
|
| Bottom of the 8th over - 0 runs, 1 hit, 0 errors, 0 left on base; Great Lakes 4 - Atlanta (MID) 5 |
| TOP OF THE 9TH |
|
Great Lakes Loons batting - Pitching for Atlanta (MID) Braves : RHP Todd Cox
|
|
Pitching: RHP Jeff Heaster
|
|
|
Batting: RHB Josh Kimbrell
|
0-0: Ball 1-0: Ground out 4-3 (Groundball, 34S, EV 78.8 MPH)
|
|
Batting: RHB Ashton Crenshaw
|
0-0: SINGLE (Line Drive, 78S, EV 92.5 MPH)
|
|
Batting: RHB Ken Jenkins
|
0-0: Foul Ball, location: 2F 0-1: Ball 1-1: Foul Ball, location: 2F 1-2: Strikes out looking
|
|
Batting: RHB Alex Mejia
|
0-0: Fielders Choice at 2nd, 6-4 (Groundball, 56, EV 100.6 MPH)
|
| Top of the 9th over - 0 runs, 1 hit, 0 errors, 1 left on base; Great Lakes 4 - Atlanta (MID) 5 |
|